 Dungeon Crawl Stone Soup version 0.28.0-45-g0d030f2227 (webtiles) character file.

Game seed: 14765519329667191013

97 Revguard the Slasher (level 4, -1/34 HPs)
             Began as a Demonspawn Gladiator on Apr 20, 2022.
             Was a Believer of Qazlal.
             Slain by a gnoll
             ... wielding a +0 halberd
              (8 damage)
             ... on level 3 of the Dungeon.
             The game lasted 00:03:53 (1673 turns).

Revguard the Slasher (Demonspawn Gladiator)         Turns: 1673, Time: 00:03:53

Health: -1/34      AC:  9    Str: 17    XL:     4   Next: 42%
Magic:  5/5        EV:  8    Int:  9    God:    Qazlal [**....]
Gold:   74         SH:  2    Dex: 14    Spells: 3/3 levels left

rFire   . . .      SeeInvis .   a - +0 long sword
rCold   . . .      Faith    .   (no shield)
rNeg    . . .      Spirit   .   m - +0 chain mail
rPois   .          Reflect  .   c - +0 helmet
rElec   .          Harm     .   (no cloak)
rCorr   .          Rampage  .   (no gloves)
Will    .....                   (no boots)
Stlth   ..........              (no amulet)
HPRegen 0.11/turn               (no ring)
MPRegen 0.09/turn               (no ring)

@: no status effects
A: foul stench 1, spiny 1
a: Renounce Religion, Upheaval


You were on level 3 of the Dungeon.
You worshipped Qazlal.
Qazlal was pleased with you.
You visited 1 branch of the dungeon, and saw 3 of its levels.

You collected 74 gold pieces.

Inventory:

Hand Weapons
 a - a +0 long sword (weapon)
Missiles
 d - 3 throwing nets (quivered)
Armour
 c - a +0 helmet (worn)
 m - a +0 chain mail (worn)
Scrolls
 h - a scroll of magic mapping {unknown}
 j - 3 scrolls of amnesia {unknown}
 k - 2 scrolls of identify {unknown}
Potions
 e - a potion of attraction {unknown}
 f - 2 potions of berserk rage {unknown}
 g - a potion of resistance {unknown}
 i - a potion of curing {unknown}
 l - a potion of mutation {unknown}


   Skills:
 + Level 2.3 Fighting
 * Level 3.3 Long Blades
 - Level 1.7 Throwing
 * Level 1.6 Armour
 + Level 3.0 Dodging
 + Level 1.7 Invocations
 + Level 1.2 Evocations


You had 3 spell levels left.
You didn't know any spells.
Your spell library was empty.

Dungeon Overview and Level Annotations

Branches:
Dungeon (2/15)

Altars:
Qazlal


Innate Abilities, Weirdness & Mutations

You may rarely emit foul miasma when damaged in melee.
You are partially covered in sharp spines.


Message History

You slash the gnoll!
The gnoll is severely wounded.
The gnoll is struck by your spines. The gnoll hits you but does no damage.
You closely miss the gnoll.
The gnoll is almost dead.
The gnoll is struck by your spines.
You kill the gnoll!
Qazlal accepts your kill. The gnoll hits you with a +0 club.
You see here a +0 flail.
You barely miss the gnoll. The gnoll barely misses you.
The gnoll is struck by your spines. The gnoll hits you but does no damage.
You closely miss the gnoll.
The gnoll is moderately wounded.
The gnoll barely misses you. x2; The gnoll hits you but does no damage.
You hit the gnoll but do no damage.
The gnoll is moderately wounded.
The gnoll is struck by your spines.
The gnoll hits you but does no damage. x2
You hit the gnoll.
The gnoll is severely wounded.
You block the gnoll's attack. The gnoll barely misses you.
The gnoll is struck by your spines. The gnoll hits you but does no damage.
You slash the gnoll!
You kill the gnoll!
Qazlal accepts your kill.
The gnoll hits you from afar with a +0 halberd.
The gnoll is struck by your spines. The gnoll hits you but does no damage.
You see here a +0 club.
You hit the gnoll.
The gnoll is heavily wounded.
You hear the slow rusting of a very distant drain.
The gnoll closely misses you. The gnoll hits you with a +0 halberd!
* * * LOW HITPOINT WARNING * * *
You closely miss the gnoll.
The gnoll is heavily wounded.
The gnoll is struck by your spines. The gnoll closely misses you.
You completely miss the gnoll.
The gnoll is severely wounded.
The gnoll hits you with a +0 halberd!
You die...

.###.#).#######
#..# #..# #..#
# #..# #..#
#.#..#######
#..#
#.#.........
#....#######
###.........
##)####### #@#
#g# #.# #.# #.#
..# ###


You could see a gnoll.

Vanquished Creatures
  A hound (D:3)
  2 gnolls (D:3)
  An adder (D:2)
  4 endoplasms
  6 goblins
  2 hobgoblins (D:1)
  2 quokkas
  2 ball pythons (D:2)
  2 bats (D:1)
  4 frilled lizards (D:1)
  9 kobolds
  4 rats (D:1)
39 creatures vanquished.

Vanquished Creatures (others)
  15 plants
  A withered plant (D:3)
16 creatures vanquished.

Grand Total: 55 creatures vanquished

Notes
Turn   | Place    | Note
-------+----------+-------------------------------------------
     0 | D:1      | Revguard the Demonspawn Gladiator began the quest for the
                  | Orb.
     0 | D:1      | Reached XP level 1. HP: 16/16 MP: 1/1
    42 | D:1      | Found a faded altar of an unknown god.
    58 | D:1      | Prayed at the altar of an unknown god.
    58 | D:1      | Became a worshipper of Qazlal Stormbringer
    58 | D:1      | Reached * piety under Qazlal
   224 | D:1      | Gained mutation: You are partially covered in sharp spines.
                  | [demonic ancestry]
   224 | D:1      | Reached XP level 2. HP: 21/22 MP: 2/2
   556 | D:1      | Reached skill level 1 in Invocations
   561 | D:1      | Reached skill level 1 in Armour
  1263 | D:2      | Reached XP level 3. HP: 27/27 MP: 3/3
  1457 | D:2      | Reached skill level 1 in Evocations
  1462 | D:2      | Reached ** piety under Qazlal
  1474 | D:2      | You fall into a shaft and drop 1 floor!
  1534 | D:3      | Gained mutation: You may rarely emit foul miasma when
                  | damaged in melee. [demonic ancestry]
  1534 | D:3      | Reached XP level 4. HP: 17/33 MP: 3/5
  1673 | D:3      | Slain by a gnoll

Illustrated notes

Levels and vault maps discovered:
D:1:      tarquinn_simple_flora_water_e, layout_loops_ring, serial_glass,
          glass_columns_b, glass_columns_b,
          hellmonk_ecumenical_altar_crossroads, minivault_5,
          lexackson_kobold_supper
D:2:      layout_basic, kennysheep_generic_room_11
D:3:      layout_loops_ring, grunt_temple_overflow_growth_and_decay,
          trog_three_pillars_becter, mainiacjoe_overflow_alcove_4,
          gup_sewer_entry_spiral

Skill      XL: |  1  2  3  4 |
---------------+-------------+-----
Long Blades    | 3 |  3.3
Invocations    | 1 |  1.7
Armour         | 1 |  1.6
Evocations     | 1 |  1.2
Dodging        | 3 |  3.0
Fighting       | |  2.3
Throwing       | |  1.7

Action                   |  1- 3 |  4- 6 || total
-------------------------+-------+-------++-------
Melee: Long sword        |    60 |    12 ||    72
       Punch             |     1 |       ||     1
Armor: Leather armour    |    11 |       ||    11
       Chain mail        |     8 |     7 ||    15
Dodge: Dodged            |    45 |     6 ||    51
Block: Other             |     3 |     2 ||     5
